 Dungeon Crawl Stone Soup version 0.25-a0-591-g2ad0d861f1 (webtiles) character file.

Game seed: 370226998919282138, levelgen mode: deterministic

117 n0claF the Shooter (level 4, -5/38 HPs)
             Began as a Centaur Hunter on Mar 13, 2020.
             Killed by divine providence
             ... invoked by an orc priest
              (13 damage)
             ... on level 3 of the Dungeon.
             The game lasted 00:06:02 (2535 turns).

n0claF the Shooter (Centaur Hunter)                 Turns: 2535, Time: 00:06:03

Health: -5/38      AC:  4    Str: 16    XL:     4   Next: 71%
Magic:  4/4        EV:  9    Int: 10    God:
Gold:   152        SH:  0    Dex:  9    Spells: 3/3 levels left

rFire    . . .     SeeInvis .   x - +0 hunting sling (flame)
rCold    . . .     Gourm    .   (no shield)
rNeg     + . .     Faith    .   c - +0 leather armour
rPois    .         Spirit   .   (no helmet)
rElec    .         Reflect  .   (no cloak)
rCorr    .         Harm     .   (no gloves)
MR       .....                  (no barding)
Stlth    ++........             (no amulet)
HPRegen  0.12/turn              v - ring of stealth
MPRegen  0.09/turn              n - ring of positive energy

@: very quick
A: large, hooves 3, deformed body, speed 2, tough skin 3
a: no special abilities


You were on level 3 of the Dungeon.
You were not hungry.

You visited 1 branch of the dungeon, and saw 3 of its levels.

You collected 152 gold pieces.

Inventory:

Hand Weapons
 a - a +1 shortbow
 i - a +0 dagger of venom
   (You took it off a goblin on level 1 of the Dungeon)
 x - a +0 hunting sling of flaming (weapon)
   (You found it on level 2 of the Dungeon)
Missiles
 d - 20 arrows
 y - 28 stones (quivered)
Armour
 c - a +0 leather armour (worn)
Jewellery
 k - a +5 ring of intelligence
   (You found it on level 1 of the Dungeon)
 n - a ring of positive energy (right hand)
   (You found it on level 2 of the Dungeon)
 v - a ring of stealth (left hand)
   (You found it on level 2 of the Dungeon)
Scrolls
 g - a scroll of blinking {unknown}
 j - a scroll of identify {unknown}
 l - a scroll of amnesia {unknown}
 o - a scroll of fear {unknown}
 s - a scroll of noise {unknown}
 t - 2 scrolls of enchant weapon {unknown}
 u - a scroll of magic mapping {unknown}
 w - a scroll of fog {unknown}
Potions
 b - a potion of invisibility {unknown}
 f - a potion of curing {unknown}
 h - a potion of degeneration {unknown}
 m - a potion of haste {unknown}
 p - a potion of stabbing {unknown}
 q - a potion of resistance {unknown}
 r - a potion of magic {unknown}
Comestibles
 e - 7 rations {!d}
 z - 2 chunks of flesh


   Skills:
 + Level 3.2 Fighting
 * Level 7.3 Bows
 - Level 1.3 Dodging
 - Level 0.4 Stealth


You had 3 spell levels left.
You didn't know any spells.
Your spell library was empty.

Dungeon Overview and Level Annotations

Branches:
Dungeon (3/15)

Altars:


Innate Abilities, Weirdness & Mutations

You have hooves in place of feet.
Armour fits poorly on your strangely shaped body.
You cover ground very quickly.
You have extremely tough skin. (AC +3)


Message History

Really attack while wielding your +0 hunting sling of flaming? [Y]es or [N]o only, please.
Really attack while wielding your +0 hunting sling of flaming?
Okay, then.
Firing (i - inventory)
y - 32 stones (quivered)
Aim: an adder skeleton You shoot a stone.
The stone hits the adder skeleton!
The stone burns the adder skeleton.
The adder skeleton barely misses you. The orc hits you but does no damage.
Firing (i - inventory)
y - 31 stones (quivered)
Aim: an adder skeleton (severely damaged)
You shoot a stone.
The stone closely misses the adder skeleton.
The adder skeleton barely misses you.
The orc hits you from afar with a +0 trident.
* * * LOW HITPOINT WARNING * * *
The adder skeleton barely misses you.
Firing (i - inventory)
y - 30 stones (quivered)
Aim: an adder skeleton (severely damaged)
You shoot a stone. The stone hits the adder skeleton.
The stone burns the adder skeleton.
The orc barely misses you. The adder skeleton bites you.
* * * LOW HITPOINT WARNING * * *
Firing (i - inventory)
y - 29 stones (quivered)
Aim: an adder skeleton (almost destroyed)
You shoot a stone. The stone hits the adder skeleton!
The stone burns the adder skeleton.
You destroy the adder skeleton!
The orc hits you from afar with a +0 trident.
* * * LOW HITPOINT WARNING * * *
The orc hits you but does no damage.
You see here 2 stones.
The orc priest closely misses you.
The orc throws a boomerang.
The boomerang hits you.
* * * LOW HITPOINT WARNING * * *
The weapon returns to the orc!
The orc priest invokes the aid of Beogh against you.
Pain shoots through your body!
* * * LOW HITPOINT WARNING * * *
The orc throws a boomerang.
The boomerang closely misses you.
The weapon returns to the orc!
The orc priest calls down the wrath of Beogh upon you.
Pain shoots through your body!
* * * LOW HITPOINT WARNING * * *
The orc throws a boomerang.
The boomerang hits you but does no damage.
The weapon returns to the orc!
The orc priest mumbles some strange prayers to Beogh against you.
Beogh smites you!
You die...

#. #.#. #..####+###
#.........# #......(..#
#.........# #.........##
#..........###...#.#
#..o.....@.##....#.#
###o#..#.##.##..(<#.###
#.(oo.....#.##...(...(#
#.#.#....##<##........#
#.#.#.#......#.......o###
#.#.#.#.>........?o..o(..
#.#.#.#.####.####.# #
#.#.#.#.##.#.####'#(##
#.....#....#.#.......#


You could see an orc priest and an orc.

Vanquished Creatures
  Terence (D:2)
  A gnoll (D:1)
  An adder (D:2)
  An ooze (D:2)
  An adder skeleton (D:3)
  2 worms (D:2)
  5 leopard geckos
  3 giant cockroaches
  8 goblins
  9 hobgoblins
  5 jackals
  4 bats
  6 frilled lizards
  5 kobolds
  8 rats
60 creatures vanquished.

Notes
Turn   | Place    | Note
-------+----------+-------------------------------------------
     0 | D:1      | n0claF the Centaur Hunter began the quest for the Orb.
     0 | D:1      | Reached XP level 1. HP: 17/17 MP: 1/1
   366 | D:1      | Reached XP level 2. HP: 21/24 MP: 2/2
   452 | D:1      | HP: 1/25 [gnoll/+0 club (9)]
   528 | D:1      | Reached skill level 6 in Bows
   573 | D:1      | Reached XP level 3. HP: 5/30 MP: 3/3
  1631 | D:2      | Noticed Terence
  1652 | D:2      | Killed Terence
  1652 | D:2      | Reached XP level 4. HP: 36/38 MP: 4/4
  1715 | D:2      | Reached skill level 7 in Bows
  2535 | D:3      | Killed from afar by an orc priest

Levels and vault maps discovered:
D:1:      beargit_arrival_greenhouse, layout_basic, skrybe_limestone_x,
          minmay_pentomino_r2
D:2:      layout_basic, minmay_quadrilaterals, uniq_terence
D:3:      layout_basic, lemuel_round_altar, first_ration, uniq_sigmund

Skill      XL: |  1  2  3  4 |
---------------+-------------+-----
Bows           | 6 7 |  7.3
Fighting       | 3 |  3.2
Dodging        | |  1.3
Stealth        | |  0.4

Action                   |  1- 3 |  4- 6 || total
-------------------------+-------+-------++-------
Melee: Short sword       |    88 |       ||    88
       Kick              |    18 |    10 ||    28
       Dagger            |    19 |    42 ||    61
 Fire: Shortbow          |     3 |       ||     3
       Hunting sling     |       |    48 ||    48
  Eat: Chunk             |     2 |     2 ||     4
Armor: Leather armour    |    30 |    16 ||    46
Dodge: Dodged            |    48 |    31 ||    79

Table legend:
 A = Non-vault XP
 B = Vault XP
 C = Vault XP percentage of total XP
 D = Non-vault monster count
 E = Vault monster count
 F = Vault count percentage of total count
                 A         B        C        D         E       F
            +---------+---------+-------+---------+---------+-------
      Total |     125 |      43 |  25.6 |      51 |       9 |  15.0
            +---------+---------+-------+---------+---------+-------
        D:1 |      59 |       5 |   7.8 |      27 |       2 |   6.9
        D:2 |      58 |      38 |  39.6 |      21 |       7 |  25.0
        D:3 |       8 |       0 |   0.0 |       3 |       0 |   0.0
            +---------+---------+-------+---------+---------+-------
